 Seeded DCSS version 0.29-a0-483-g69413ace17 (webtiles) character file.

Game seed: 1 (custom seed)

282 davecave the Vandal (level 6, -6/46 HPs)
             Began as a Demonspawn Hunter on May 25, 2022.
             Mangled by an ogre
             ... wielding a +0 giant club
              (33 damage)
             ... on level 5 of the Dungeon.
             The game lasted 00:08:38 (3637 turns).

davecave the Vandal (Demonspawn Hunter)             Turns: 3637, Time: 00:08:39

Health: -6/46      AC:  8    Str: 11    XL:     6   Next: 6%
Magic:  6/6        EV: 10    Int: 10    God:
Gold:   160        SH:  8    Dex: 19    Spells: 5/5 levels left

rFire   . . .      SeeInvis .   a - +2 hunting sling
rCold   . . .      Faith    .   g - +0 buckler
rNeg    . . .      Spirit   .   j - +0 ring mail
rPois   .          Reflect  .   (no helmet)
rElec   .          Harm     .   (no cloak)
rCorr   .          Rampage  .   p - +0 pair of gloves
Will    .....                   f - +1 pair of boots
Stlth   +.........              (no amulet)
HPRegen 0.15/turn               l - +4 ring of slaying
MPRegen 0.10/turn               (no ring)

@: silenced
A: condensation shield
a: no special abilities


You were on level 5 of the Dungeon.
You visited 1 branch of the dungeon, and saw 5 of its levels.

You collected 160 gold pieces.

Inventory:

Hand Weapons
 a - a +2 hunting sling (weapon)
Missiles
 k - 4 curare-tipped darts
Armour
 f - a +1 pair of boots (worn)
 g - a +0 buckler (worn)
 j - a +0 ring mail (worn)
 p - a +0 pair of gloves (worn)
Jewellery
 l - a +4 ring of slaying (left hand)
Wands
 e - a wand of iceblast (15)
Scrolls
 b - a scroll of fog {unknown}
 c - 4 scrolls of immolation
 d - a scroll of noise {unknown}
 h - a scroll of fear {unknown}
 i - 3 scrolls of poison
 m - 2 scrolls of teleportation
 o - a scroll of enchant armour
 u - a scroll of blinking {unknown}
 x - a scroll of vulnerability {unknown}
Potions
 n - a potion of heal wounds
 q - a potion of curing
 s - a potion of degeneration
 v - 2 potions of haste
 w - a potion of flight


   Skills:
 + Level 2.4 Fighting
 - Level 6.1 Slings
 - Level 2.1 Dodging
 - Level 2.0 Stealth


You had 5 spell levels left.
You didn't know any spells.
Your spell library contained the following spells:

 Spells                   Type           Power      Damage    Failure   Level
 Apportation              Tloc           0%         N/A       78%         1
 Necrotize                Necr           0%         1d4       78%         1
 Summon Small Mammal      Summ           0%         N/A       78%         1
 Ensorcelled Hibernation  Hex/Ice        0%         N/A       89%         2
 Passwall                 Tmut/Erth      0%         N/A       89%         2
 Static Discharge         Conj/Air       0%         N/A       89%         2
 Gell's Gravitas          Tloc           0%         N/A       98%         3
 Inner Flame              Hex/Fire       0%         N/A       98%         3
 Lesser Beckoning         Tloc           0%         N/A       98%         3
 Spider Form              Tmut/Pois      0%         N/A       98%         3
 Swiftness                Air            0%         N/A       98%         3
 Teleport Other           Tloc           0%         N/A       98%         3
 Anguish                  Hex/Necr       0%         N/A       100%        4
 Cause Fear               Hex            0%         N/A       100%        4
 Dispel Undead            Necr           0%         3d6       100%        4
 Sticky Flame             Conj/Fire      0%         2d3       100%        4
 Discord                  Hex            0%         N/A       100%        8


Dungeon Overview and Level Annotations

Branches:
Dungeon (5/15)
 Temple: D:4-7

Altars:
Okawaru
Ru


Innate Abilities, Weirdness & Mutations

A meltable shield of frost defends you. (SH +4)


Message History

Your +1 hunting sling glows red for a moment.
Your surroundings suddenly seem different.
Found a robe.
As you read the scroll labelled XIF UVOWKEST, it crumbles to dust.
A profound silence engulfs you.
It was a scroll of silence.
Magic scrolls do not work when you're silenced!
A wyvern comes into view.
You shoot a sling bullet.
The sling bullet hits the wyvern but does no damage.
An ogre comes into view. It is wielding a +0 giant club.
You shoot a sling bullet.
The sling bullet barely misses the wyvern.
You shoot a sling bullet. The sling bullet hits the wyvern!
The wyvern is moderately wounded.
The wyvern bites you! You block the wyvern's attack.
You shoot a sling bullet. The sling bullet hits the wyvern.
The wyvern is heavily wounded.
You block the wyvern's attack. The wyvern closely misses you.
You shoot a sling bullet.
The sling bullet barely misses the wyvern.
The sling bullet hits the ogre.
The ogre is lightly wounded.
The wyvern closely misses you. The wyvern misses you.
A worm comes into view.
You shoot a sling bullet. The sling bullet hits the wyvern!
The wyvern is severely wounded.
The wyvern bites you.
The wyvern bites you but does no damage.
You block the ogre's attack.
You shoot a sling bullet. The sling bullet hits the wyvern.
The wyvern is severely wounded.
The wyvern bites you but does no damage.
A black bear comes into view.
You block the wyvern's attack. The ogre closely misses you.
You shoot a sling bullet.
The sling bullet closely misses the wyvern.
The wyvern bites you. The wyvern barely misses you.
The ogre hits you with a +0 giant club!!
Ouch! That really hurt!
You die...

#### # . .. #
... .. ....
#... #....##
##...#
#...###O...###
#...@l....h.
##.......w..
#..###.###.
#.[## .# #..#
.# ..#. # #.#
. .. .


You could see a black bear, a wyvern, an ogre and a worm.

Vanquished Creatures
  A necrophage (D:4)
  A hound (D:5)
  A jelly (D:4)
  An orc priest (D:3)
  Ijyb (D:3)
  A gnoll (D:1)
  2 adders
  A dart slug (D:1)
  3 orcs
  8 bats
  11 endoplasms
  4 giant cockroaches
  6 goblins
  4 hobgoblins
  4 jackals
  4 kobolds
  3 quokkas
  10 ball pythons
  3 frilled lizards
  4 rats (D:1)
73 creatures vanquished.

Vanquished Creatures (others)
  4 plants (D:4)
4 creatures vanquished.

Grand Total: 77 creatures vanquished

Notes
Turn   | Place    | Note
-------+----------+-------------------------------------------
     0 | D:1      | davecave the Demonspawn Hunter began the quest for the Orb.
     0 | D:1      | Reached XP level 1. HP: 16/16 MP: 1/1
    49 | D:1      | Reached skill level 1 in Stealth
   191 | D:1      | Gained mutation: A meltable shield of frost defends you.
                  | (SH +4) [demonic ancestry]
   191 | D:1      | Reached XP level 2. HP: 22/22 MP: 2/2
   628 | D:1      | Reached skill level 4 in Slings
   628 | D:1      | Reached XP level 3. HP: 27/27 MP: 3/3
  1666 | D:2      | Reached XP level 4. HP: 33/33 MP: 4/4
  1729 | D:2      | Found a sacrificial altar of Ru.
  1878 | D:3      | Noticed Ijyb
  1910 | D:3      | Killed Ijyb
  2115 | D:3      | Reached skill level 5 in Slings
  2371 | D:3      | Reached XP level 5. HP: 37/38 MP: 5/5
  3034 | D:4      | Found an iron altar of Okawaru.
  3194 | D:4      | Reached skill level 6 in Slings
  3617 | D:5      | Entered Level 5 of the Dungeon
  3623 | D:5      | Reached XP level 6. HP: 46/46 MP: 6/6
  3629 | D:5      | Noticed a wyvern
  3637 | D:5      | Mangled by an ogre

Illustrated notes

Levels and vault maps discovered:
D:1:      onia_arrival_mini_spirals, layout_basic, minmay_unequal
D:2:      layout_loops_cross, basic_altar, kennysheep_generic_room_6
D:3:      layout_basic, lemuel_another_geyser, uniq_ijyb
D:4:      layout_gridville, okawaru_ov_weapons_minmay, chequers_big_river
D:5:      layout_cave_pods, serial_undead, serial_undead_a, serial_undead_c,
          serial_undead_a, serial_undead_f, portal_sewer_entry_e,
          minmay_manual_monstrance, uniq_eustachio

Skill      XL: |  1  2  3  4  5 |
---------------+----------------+-----
Stealth        | 1 2 |  2.0
Dodging        | 2 |  2.1
Slings         | 4 5 6 |  6.1
Fighting       | |  2.4

Action                   |  1- 3 |  4- 6 || total
-------------------------+-------+-------++-------
 Fire: Hunting sling     |   109 |   129 ||   238
  Use: Scroll            |     1 |     9 ||    10
Armor: Leather armour    |     1 |       ||     1
       Ring mail         |    16 |    23 ||    39
Dodge: Dodged            |    39 |    42 ||    81
Block: Buckler           |    28 |    39 ||    67

Table legend: (Time is in decaauts)
 A = Elapsed time spent in this place.
 B = Non-inter-level travel time spent in this place.
 C = Inter-level travel time spent in this place.
 D = Time resting spent in this place.
 E = Time spent auto-exploring this place.
 F = Levels seen in this place.
 G = Mean time per level.
                   A        B        C        D        E       F      G
               +--------+--------+--------+--------+--------+-----+--------+
         Total |   3750 |   3575 |    175 |      0 |   3005 |   5 |  750.0 |
       Dungeon |   3750 |   3575 |    175 |      0 |   3005 |   5 |  750.0 |
               +--------+--------+--------+--------+--------+-----+--------+

Top non-repeatable levels by time:
     D:1: 1026 daAuts
     D:3: 912 daAuts
     D:4: 899 daAuts
     D:2: 888 daAuts
     D:5: 24 daAuts
